[Event "Champions Showdown Kings Rapid 2019-B"]
[Site "Saint Louis"]
[Date "2019.02.21"]
[Round "5.2"]
[White "Duda, Jan-Krzysztof"]
[Black "Nakamura, Hikaru"]
[Result "1/2-1/2"]
[ECO "C54"]
[WhiteElo "2731"]
[BlackElo "2749"]
[Annotator "RC"]
[PlyCount "67"]
[EventDate "2019.02.09"]
[EventType "match (rapid)"]
[EventCountry "USA"]
[SourceTitle "playchess.com"]
[Source "ChessBase"]
[SourceQuality "1"]
[TimeControl "900+10"]

1. e4 e5 2. Nf3 Nc6 3. Bc4 Bc5 4. c3 Nf6 5. d3 d6 6. O-O O-O 7. Bg5 h6 8. Bh4 a6 9. a4 g5 10. Bg3 Ba7 11. Nbd2 Kg7 12. Re1 Nh7 13. d4 h5 14. h3 g4 15. Bh4 f6 16. hxg4 hxg4 17. Nh2 Ng5 18. Be2 Rh8 19. Bxg5 fxg5 20. Bxg4 exd4 21. Ndf3 dxc3 22. bxc3 Qf6 23. Qd2 Rxh2 24. Nxh2 Ne5 25. Bxc8 Rxc8 26. Rab1 Rh8 27. Rxb7 Rxh2 28. Rxc7+ Kg6 29. Rxa7 Rxg2+ 30. Kxg2 Qf3+ 31. Kf1 Qh3+ 32. Ke2 Qf3+ 33. Kf1 Qh3+ 34. Ke2 1/2-1/2